 Dungeon Sprint DCSS version 0.24.1-14-gf8d2b509d9 (webtiles) character file.

Game seed: 16281272555460015858, levelgen mode: deterministic

263 bromine the Cudgeler (level 6, -12/56 HPs)
             Began as a Gnoll Berserker on Mar 11, 2022.
             Was an Elder of Trog.
             Mangled by a two-headed ogre
             ... wielding a +0 giant club
              (16 damage)
             ... in the Dungeon (Sprint IX: "|||||||||||||||||||||||||||||").
             The game lasted 00:03:25 (381 turns).

bromine the Cudgeler (Gnoll Berserker)               Turns: 381, Time: 00:03:25

Health: -12/56     AC:  2    Str: 21    XL:     6   Next: 19%
Magic:  12/12      EV: 16    Int: 15    God:    Trog [****..]
Gold:   0          SH:  0    Dex: 15    Spells: 13/13 levels left

rFire    . . .     SeeInvis .   t - +2 scimitar (holy)
rCold    . . .     Gourm    .   (no shield)
rNeg     . . .     Faith    .   b - +0 animal skin
rPois    .         Spirit   .   (no helmet)
rElec    .         Reflect  .   (no cloak)
rCorr    .         Harm     .   (no gloves)
MR       .....     NoTele   +   (no boots)
Stlth    +++.......             (no amulet)
HPRegen  0.18/turn              u - +3 ring of intelligence
MPRegen  0.13/turn              v - +3 ring of intelligence

@: no status effects
A: distributed training, fangs 1, strong nose
a: Berserk, Trog's Hand, Brothers in Arms, Renounce Religion


You were in the Dungeon.
You worshipped Trog.
Trog was greatly pleased with you.
You were not hungry.

You visited 1 branch

Inventory:

Hand Weapons
 a - a +0 mace
 o - a +1 broad axe of chopping
 p - a +2 dire flail of protection
 q - a +2 halberd of protection
 r - a +4 quarterstaff of speed
 s - a +2 rapier of venom
 t - a +2 scimitar of holy wrath (weapon)
Armour
 b - a +0 animal skin (worn)
 w - a +2 ring mail
Magical Staves
 n - an uncursed staff of energy
Jewellery
 u - a +3 ring of intelligence (left hand)
 v - a +3 ring of intelligence (right hand)
Wands
 l - a wand of acid (10)
Scrolls
 i - 2 scrolls of blinking
 k - 3 scrolls of remove curse
 m - 2 scrolls of amnesia
Potions
 d - 5 potions of curing
 e - a potion of invisibility
 f - a potion of haste
 g - 4 potions of magic
 h - a potion of berserk rage
Comestibles
 c - a ration


   Skills:
 + Level 7.8 Fighting
 + Level 4.1 Short Blades
 + Level 4.1 Long Blades
 + Level 4.1 Axes
 + Level 7.8 Maces & Flails
 + Level 4.1 Polearms
 + Level 4.1 Staves
 + Level 4.1 Slings
 + Level 4.1 Bows
 + Level 4.1 Crossbows
 + Level 4.1 Throwing
 + Level 6.2 Armour
 + Level 6.2 Dodging
 + Level 4.1 Stealth
 + Level 4.1 Shields
 + Level 4.1 Unarmed Combat
 + Level 4.1 Spellcasting
 + Level 3.4 Conjurations
 + Level 3.4 Hexes
 + Level 3.4 Charms
 + Level 3.4 Summonings
 + Level 3.4 Necromancy
 + Level 3.4 Translocations
 + Level 3.4 Transmutations
 + Level 3.4 Fire Magic
 + Level 3.4 Ice Magic
 + Level 3.4 Air Magic
 + Level 3.4 Earth Magic
 + Level 3.4 Poison Magic
 + Level 4.6 Invocations
 + Level 4.1 Evocations


You had 13 spell levels left.
You didn't know any spells.
Your spell library was empty.

Dungeon Overview and Level Annotations

Branches:
Dungeon (1/1)

Altars:
Cheibriados
Dithmenos
Elyvilon
Fedhas
Gozag
Hepliaklqana
Kikubaaqudgha
Makhleb
Nemelex Xobeh
Okawaru
Qazlal
Ru
Sif Muna
Trog
Uskayaw
Vehumet
Wu Jian
Xom
Yredelemnul
Zin
The Shining One
Beogh
Jiyva
Lugonu


Innate Abilities, Weirdness & Mutations

Your experience applies equally to all skills.
You have very sharp teeth.
Your uncanny sense of smell can sniff out nearby items.


Message History

There is a white marble altar of Elyvilon here.
There is a shadowy altar of Dithmenos here.
There is a snail-covered altar of Cheibriados here.
There is a roughly hewn altar of Beogh here.
There is an open door to the Temple here.
Things that are here:
a +0 leather armour; an orc skeleton; an adder skeleton
There is an open door, spattered with blood here.
You see here a kobold skeleton.
There is an open door to the Dungeon here.
You slash the two-headed ogre!
The two-headed ogre is moderately wounded.
The two-headed ogre hits you with a +0 giant club!
* * * LOW HITPOINT WARNING * * *
The two-headed ogre barely misses you.
There is a staircase leading out of the dungeon here.
You barely miss the two-headed ogre.
The two-headed ogre is moderately wounded.
The two-headed ogre hits you with a +0 giant club!
You die...

▓.▓
∆
▓.▓
▓÷▓
▓.▓
▓'▓
▓z▓
▓O▓
▓O▓
▓@▓
▓▓▓


You could see 2 two-headed ogres and a wight.

Vanquished Creatures
  A hippogriff (D)
  A jelly (D)
  A hound (D)
  An adder (D)
  A worm (D)
  An orc (D)
  2 bats (D)
  2 giant cockroaches (D)
  A hobgoblin (D)
  A kobold (D)
  A leopard gecko zombie (D)
13 creatures vanquished.

Notes
Turn   | Place    | Note
-------+----------+-------------------------------------------
     0 | D        | bromine the Gnoll Berserker began the quest for the Orb.
     0 | D        | Reached XP level 1. HP: 23/23 MP: 1/1
    13 | D        | Reached ** piety under Trog
    20 | D        | Reached skill level 1 in Invocations
    21 | D        | Reached skill level 1 in Short Blades
    21 | D        | Reached skill level 1 in Long Blades
    21 | D        | Reached skill level 1 in Axes
    21 | D        | Reached skill level 1 in Polearms
    21 | D        | Reached skill level 1 in Staves
    21 | D        | Reached skill level 1 in Slings
    21 | D        | Reached skill level 1 in Bows
    21 | D        | Reached skill level 1 in Crossbows
    21 | D        | Reached skill level 1 in Throwing
    21 | D        | Reached skill level 1 in Stealth
    21 | D        | Reached skill level 1 in Shields
    21 | D        | Reached skill level 1 in Unarmed Combat
    21 | D        | Reached skill level 1 in Spellcasting
    21 | D        | Reached skill level 1 in Evocations
    21 | D        | Reached XP level 2. HP: 24/29 MP: 1/3
    80 | D        | Reached skill level 1 in Conjurations
    80 | D        | Reached skill level 1 in Hexes
    80 | D        | Reached skill level 1 in Charms
    80 | D        | Reached skill level 1 in Summonings
    80 | D        | Reached skill level 1 in Necromancy
    80 | D        | Reached skill level 1 in Translocations
    80 | D        | Reached skill level 1 in Transmutations
    80 | D        | Reached skill level 1 in Fire Magic
    80 | D        | Reached skill level 1 in Ice Magic
    80 | D        | Reached skill level 1 in Air Magic
    80 | D        | Reached skill level 1 in Earth Magic
    80 | D        | Reached skill level 1 in Poison Magic
    83 | D        | Reached *** piety under Trog
    91 | D        | Reached XP level 3. HP: 30/35 MP: 3/5
   240 | D        | Found a roughly hewn altar of Beogh.
   240 | D        | Found a snail-covered altar of Cheibriados.
   240 | D        | Found a shadowy altar of Dithmenos.
   240 | D        | Found a white marble altar of Elyvilon.
   240 | D        | Found a blossoming altar of Fedhas.
   240 | D        | Found an opulent altar of Gozag.
   241 | D        | Found a hazy altar of Hepliaklqana.
   242 | D        | Found a viscous altar of Jiyva.
   243 | D        | Found an ancient bone altar of Kikubaaqudgha.
   244 | D        | Found a corrupted altar of Lugonu.
   245 | D        | Found a burning altar of Makhleb.
   246 | D        | Found a sparkling altar of Nemelex Xobeh.
   247 | D        | Found an iron altar of Okawaru.
   248 | D        | Found a stormy altar of Qazlal.
   249 | D        | Found a sacrificial altar of Ru.
   250 | D        | Found a shimmering blue altar of Sif Muna.
   251 | D        | Found a bloodstained altar of Trog.
   252 | D        | Found a hide-covered altar of Uskayaw.
   253 | D        | Found a radiant altar of Vehumet.
   254 | D        | Found an ornate altar of the Wu Jian Council.
   255 | D        | Found a shimmering altar of Xom.
   256 | D        | Found a basalt altar of Yredelemnul.
   257 | D        | Found a glowing silver altar of Zin.
   258 | D        | Found a glowing golden altar of the Shining One.
   312 | D        | Noticed a two-headed ogre
   312 | D        | Noticed a two-headed ogre
   312 | D        | Noticed a hippogriff
   315 | D        | Reached **** piety under Trog
   315 | D        | Reached skill level 5 in Armour
   315 | D        | Reached skill level 5 in Dodging
   318 | D        | Reached XP level 4. HP: 37/43 MP: 5/8
   324 | D        | Killed a hippogriff
   324 | D        | Reached XP level 5. HP: 16/49 MP: 6/11
   324 | D        | Reached XP level 6. HP: 19/56 MP: 6/12
   325 | D        | HP: 1/56 [two-headed ogre/+0 giant club (18)]
   381 | D        | Mangled by a two-headed ogre

Levels and vault maps discovered:
D:        linesprint [early_d, line_temple, items_1, d_10, items_2, lair_1,
          lair_end, items_3, orc_1, orc_end, items_4, d_15, swamp_1, shoals_1,
          snake_1, spider_1, d_20, vaults_1, items_5, swamp_end, shoals_end,
          snake_end, spider_end, vaults_end, d_27, items_6, zot_1, zot_end,
          crypt_end, forest_end, elf_end, slime_end, tomb_end, abyss_end,
          pan_hell_end]

Skill      XL: |  1  2  3  4 |
---------------+-------------+-----
Invocations    | 1 3 4 |  4.6
Short Blades   | 1 2 4 |  4.1
Long Blades    | 1 2 4 |  4.1
Axes           | 1 2 4 |  4.1
Polearms       | 1 2 4 |  4.1
Staves         | 1 2 4 |  4.1
Slings         | 1 2 4 |  4.1
Bows           | 1 2 4 |  4.1
Crossbows      | 1 2 4 |  4.1
Throwing       | 1 2 4 |  4.1
Stealth        | 1 2 4 |  4.1
Shields        | 1 2 4 |  4.1
Unarmed Combat | 1 2 4 |  4.1
Spellcasting   | 1 2 4 |  4.1
Evocations     | 1 2 4 |  4.1
Conjurations   | 1 2 3 |  3.4
Hexes          | 1 2 3 |  3.4
Charms         | 1 2 3 |  3.4
Summonings     | 1 2 3 |  3.4
Necromancy     | 1 2 3 |  3.4
Translocations | 1 2 3 |  3.4
Transmutations | 1 2 3 |  3.4
Fire Magic     | 1 2 3 |  3.4
Ice Magic      | 1 2 3 |  3.4
Air Magic      | 1 2 3 |  3.4
Earth Magic    | 1 2 3 |  3.4
Poison Magic   | 1 2 3 |  3.4
Armour         | 5 6 |  6.2
Dodging        | 5 6 |  6.2
Fighting       | 7 |  7.8
Maces & Flails | 7 |  7.8

Action                   |  1- 3 |  4- 6 || total
-------------------------+-------+-------++-------
Melee: Mace              |    31 |       ||    31
       Bite              |     4 |     3 ||     7
       Scimitar          |     6 |     9 ||    15
  Use: Potion            |     1 |     2 ||     3
 Stab: Sleeping          |     1 |       ||     1
Armor: Animal skin       |     9 |       ||     9
Dodge: Dodged            |    24 |    15 ||    39
       Rpst.: Scimitar   |     4 |     2 ||     6
